 Dungeon Crawl Stone Soup version 0.28.0 (webtiles) character file.

Game seed: 1660103345897698854

3175 wakim the Zephyrmancer (level 9, -12/54 (55) HPs)
             Began as a Tengu Air Elementalist on Feb 8, 2022.
             Was a Follower of Vehumet.
             Mangled by an orc knight (23 damage)
             ... in a bailey.
             The game lasted 00:32:00 (9389 turns).

wakim the Zephyrmancer (Tengu Air Elementalist)     Turns: 9389, Time: 00:32:01

HP:   -12/54 (55)   AC:  3    Str:  8    XL:     9   Next: 95%
MP:   4/17          EV: 17    Int: 20    God:    Vehumet [*.....]
Gold: 532           SH:  0    Dex: 15    Spells: 6/18 levels left

rFire   . . .      SeeInvis .   P - +1 dire flail (venom)
rCold   . . .      Faith    .   (shield currently unavailable)
rNeg    + . .      Spirit   .   U - +0 robe
rPois   +          Reflect  .   (helmet restricted)
rElec   .          Harm     .   (no cloak)
rCorr   .          Rampage  .   W - +0 pair of gloves
Will    .....                   (boots unavailable)
Stlth   +++.......              (no amulet)
HPRegen 0.18/turn               X - ring of positive energy
MPRegen 0.15/turn               R - ring of poison resistance

@: flying quickly and evasively, lightly drained, quick
A: beak, talons 3, nimble flight
a: Renounce Religion


You were in a bailey.
You worshipped Vehumet.
Vehumet was aware of your devotion.
You visited 2 branches of the dungeon, and saw 9 of its levels.
You also visited: Bailey.

You collected 532 gold pieces.

Inventory:

Hand Weapons
 a - a +0 trident
 b - a +0 rapier
 N - a +1 trident of freezing
 P - a +1 dire flail of venom (weapon)
Missiles
 s - 268 stones
 L - 3 throwing nets {=f!f}
 Z - 27 sling bullets
Armour
 O - a +2 scale mail of cold resistance
 U - a +0 robe (worn)
 W - a +0 pair of gloves (worn)
Jewellery
 R - a ring of poison resistance (right hand)
 X - a ring of positive energy (left hand)
Wands
 t - a wand of digging (2)
 u - a wand of mindburst (20)
 v - a wand of flame (14)
 w - a wand of acid (6)
Scrolls
 c - 2 scrolls of enchant weapon
 Q - a scroll of immolation {!r!r}
 S - a scroll of summoning
 T - 2 scrolls of amnesia
 V - 2 scrolls of vulnerability {!r!r}
 Y - a scroll of blinking {!r}
Potions
 d - a potion of degeneration {!q}
 A - a potion of ambrosia
 B - a potion of attraction {!q}
 F - 4 potions of curing
 H - 2 potions of haste
 J - 3 potions of heal wounds {unknown}
 K - 5 potions of magic
 M - a potion of mutation {!q}


   Skills:
 * Level 6.1 Fighting
 - Level 6.0 Dodging
 - Level 6.0 Stealth
 + Level 5.1 Spellcasting
 + Level 7.9 Conjurations
 - Level 8.0 Air Magic


You had 6 spell levels left.
You knew the following spells:

 Your Spells              Type           Power      Damage    Failure   Level
a - Shock                 Conj/Air       100%       1d9       1%          1
b - Airstrike             Air            18%        N/A       4%          4
d - Static Discharge      Conj/Air       37%        N/A       1%          2
s - Swiftness             Air            37%        N/A       1%          3
x - Poisonous Vapours     Pois/Air       42%        N/A       3%          2

Your spell library contained the following spells:

 Spells                   Type           Power      Damage    Failure   Level
 Magic Dart               Conj           100%       1d8       1%          1
 Corpse Rot               Necr/Air       42%        N/A       3%          2
 Inner Flame              Hex/Fire       5%         N/A       34%         3
 Portal Projectile        Hex/Tloc       10%        N/A       34%         3
 Cause Fear               Hex            2%         N/A       75%         4
 Blade Hands              Tmut           2%         N/A       97%         5
 Excruciating Wounds      Necr           2%         N/A       97%         5
 Discord                  Hex            2%         N/A       100%        8


Dungeon Overview and Level Annotations

Branches:
Dungeon (8/15)             Temple (1/1) D:4          Bailey (1/1)
   Lair: D:8-11

Altars:
Ashenzari
Cheibriados
Dithmenos
Elyvilon
Gozag
Hepliaklqana
Makhleb
Okawaru
Qazlal
Ru
Sif Muna
Trog
Uskayaw
Vehumet
Wu Jian
Xom
Zin
The Shining One

Shops:
D:8 =

Annotations:
D:7 Dowan, Duvessa
D:8 Erica


Innate Abilities, Weirdness & Mutations

You have a beak for a mouth.
You have claws for feet.
Your magical nature lets you fly swiftly and evasively.


Message History

Press: ? - help, Dir - move target, f/p - orc knight
Aim: an orc knight, wielding a +1 halberd of electrocution (very poisoned) Poisonous vapours surround the orc knight!
The orc knight looks as sick as possible!
The orc knight hits you from afar with a +1 halberd of electrocution!
You are electrocuted!
* * * LOW HITPOINT WARNING * * *
There is an open door here.
There is an open door here.
Things that are here:
a +0 halberd of draining; a gnoll corpse
There is an open door here.
Things that are here:
a +0 halberd of electrocution; a gnoll corpse
There is a fountain of clear blue water here.
Casting: Poisonous Vapours (safe; 3% risk of failure)
Confirm with . or Enter, or press ? or * to list all spells.
Aiming: Poisonous Vapours (safe; 3% risk of failure)
Press: ? - help, Dir - move target, f/p - orc knight
Aim: an orc knight, wielding a +1 halberd of electrocution (lightly wounded, very poisoned) Poisonous vapours surround the orc knight!
The orc knight looks as sick as possible!
There is an open door here.
Things that are here:
a +2 halberd of electrocution; a gnoll skeleton
Casting: Poisonous Vapours (safe; 3% risk of failure)
Confirm with . or Enter, or press ? or * to list all spells.
Aiming: Airstrike (dangerous; 4% risk of failure)
Press: ? - help, Dir - move target, f/p - orc knight
Aim: an orc knight, wielding a +1 halberd of electrocution (moderately wounded, very poisoned, empty space bonus: 8/8)
The air twists around and strikes the orc knight!
The orc knight is heavily wounded.
There is an open door, spattered with blood here.
You see here a +2 halberd of draining.
There is an open door here.
There is an open door here.
The orc knight hits you with a +1 halberd of electrocution!
* * * LOW HITPOINT WARNING * * *
The orc knight hits you from afar with a +1 halberd of electrocution!!
You die...

g!. ###.....## ..#
#.....## #'#
#)##'##'# #.#.#
#.###. ### ### ####
### #' #.###.#
#.#.###)###)
##'##'##+###'##'##)#
##.....# ##.....##
###@.o..#####.....##
#)'..∩..+)#.'..⌠..'.
###.....#####.....##
##.....## ##.....##
##'##'##'###'##'##'#
#∩###.###)')###.###)
### ### ##### ### ##


You could see an orc knight (very poisoned).

Vanquished Creatures
  Harold (D:7)
  A gargoyle (D:8)
  Prince Ribbit (D:5)
  A wyvern (D:8)
  Edmund (D:5)
  A water moccasin (D:7)
  2 black bears (D:5)
  A necrophage (D:4)
  4 ogres
  A phantom (D:5)
  A centaur (D:5)
  A bullfrog (D:6)
  A gnoll sergeant (D:8)
  A water moccasin skeleton (D:5)
  2 hounds
  2 jellies
  A centaur skeleton (D:6)
  An orc priest (D:3)
  2 bullfrog skeletons
  Natasha (thrice) (D:2)
  4 iguanas
  An orc wizard (D:3)
  A killer bee zombie (D:7)
  A hound zombie (D:5)
  A mummy (D:7)
  A howler monkey zombie (D:7)
  8 adders
  16 gnolls
  3 ufetubi
  2 dart slugs
  12 orcs
  2 ball pythons
  6 bats
  5 endoplasms
  4 giant cockroaches
  11 goblins
  8 hobgoblins
  3 kobolds
  3 quokkas
  7 frilled lizards
  9 rats
137 creatures vanquished.

Notes
Turn   | Place    | Note
-------+----------+-------------------------------------------
     0 | D:1      | wakim the Tengu Air Elementalist began the quest for the
                  | Orb.
     0 | D:1      | Reached XP level 1. HP: 10/10 MP: 4/4
   170 | D:1      | Reached XP level 2. HP: 13/15 MP: 0/6
   249 | D:1      | Found a faded altar of an unknown god.
  1008 | D:2      | Reached XP level 3. HP: 19/19 MP: 5/7
  1043 | D:2      | Learned a level 2 spell: Static Discharge
  1094 | D:2      | Noticed Natasha
  1101 | D:2      | Killed Natasha
  1102 | D:2      | Reached skill level 5 in Air Magic
  1107 | D:2      | Noticed Natasha
  1266 | D:2      | Killed Natasha
  1267 | D:2      | Reached XP level 4. HP: 9/24 MP: 3/8
  1360 | D:2      | Noticed Natasha
  1366 | D:2      | Killed Natasha
  1879 | D:2      | Gained mutation: Your magical nature lets you fly swiftly
                  | and evasively. [Tengu growth]
  1879 | D:2      | Reached XP level 5. HP: 22/28 MP: 4/9
  1968 | D:2      | !bestwep
  1969 | D:2      | Reached skill level 6 in Air Magic
  2313 | D:3      | !bestwep
  2414 | D:3      | Reached skill level 5 in Conjurations
  2444 | D:3      | Reached skill level 7 in Air Magic
  2444 | D:3      | Reached XP level 6. HP: 20/32 MP: 5/10
  2605 | D:3      | Found a bloodstained altar of Trog.
  2923 | D:4      | Reached skill level 8 in Air Magic
  3017 | D:4      | You are sucked into a shaft and drop 3 floors!
  3024 | D:7      | Learned a level 4 spell: Airstrike
  3032 | D:7      | Noticed a water moccasin
  3325 | D:6      | Found a glowing golden altar of the Shining One.
  3513 | D:5      | Entered Level 5 of the Dungeon
  3517 | D:5      | Noticed Prince Ribbit
  3518 | D:5      | Noticed Edmund
  3526 | D:5      | Reached XP level 7. HP: 3/36 MP: 3/11
  3732 | D:5      | Killed Prince Ribbit
  4586 | D:5      | Reached XP level 8. HP: 36/41 MP: 3/13
  4731 | D:5      | Reached skill level 5 in Stealth
  5108 | D:5      | Killed Edmund
  5109 | D:5      | Reached skill level 5 in Dodging
  5210 | D:5      | !bestwep
  5521 | D:4      | Found a hazy altar of Hepliaklqana.
  5737 | D:4      | Found a staircase to the Ecumenical Temple.
  5741 | D:4      | Reached skill level 1 in Fighting
  5748 | Temple   | Entered the Ecumenical Temple
  5805 | Temple   | Became a worshipper of Vehumet
  6698 | D:5      | Reached XP level 9. HP: 31/49 MP: 8/15
  7228 | D:6      | Learned a level 2 spell: Poisonous Vapours
  7716 | D:7      | Found a snail-covered altar of Cheibriados.
  7898 | D:7      | Noticed Harold
  7957 | D:7      | Killed Harold
  7958 | D:7      | Reached skill level 5 in Fighting
  8208 | D:7      | Upgraded the game from 0.28-b1-25-g9875b3fc8c to 0.28.0
  8313 | D:7      | Noticed Dowan
  8416 | D:7      | Noticed Duvessa
  8422 | D:7      | Learned a level 3 spell: Swiftness
  8653 | D:8      | Noticed a gargoyle
  8672 | D:8      | Killed a gargoyle
  8711 | D:8      | Reached skill level 5 in Spellcasting
  8752 | D:8      | Noticed Erica
  8860 | D:8      | Reached * piety under Vehumet
  8860 | D:8      | Offered knowledge of Magic Dart by Vehumet.
  8882 | D:8      | Found Wauloy's Jewellery Shop.
  8908 | D:8      | Found a flagged portal.
  8913 | Bailey   | Entered a bailey
  9269 | Bailey   | Noticed an orc knight
  9389 | Bailey   | Mangled by an orc knight

Illustrated notes #..........# #####..........# #...#..........# # #...#..........# #.# #...#..>.....).# #.#### #.............######....### # ##.###........###...#.....##### #.##........<.#.............## #..#.........@...........##... ##.#.....................##### #.#....>................# # #.#..........#).).......## # #.##........##...........## # #(##...........###.b...#..### #.##.###......## #..#..##.##. #.##.# #....#.# #........... #.##.###....#.####...#.#....# Turn 1968 on D:2: !bestwep #..... ... #..... #.# #...>. #.# .#..... #.# .#.....### #w# .........# #.# #..#####.##### #.# #.. #.#... #@# #.# #.#.# #.# #.######...# #.# #..........# #.###.#######.## #.##..# #)# #....## #.#### #.#### #..... #.# ####.. ### #.. Turn 2313 on D:3: !bestwep

...>...#.......................#
.......#.......................#
.......#.......................#
.#######..##.#############.....#
.##.####..##.##....##...##.....#
...........#.)..........#......+
...........#............+......#
...........#............########
...........#....@.......#
...........#............# ...
...........#..........h.+....
#######'#########'###'###...
...........@................
.........................#
.........................+
............>............#
.........................#


Turn 5210 on D:5: !bestwep

Levels and vault maps discovered:
D:1:      dpeg_arrival_rooms_a, layout_basic, hellmonk_ecumenical_altar_blasted,
          minmay_misc_feat_nine_boxes, minmay_misc_feat_chi, skrybe_limestone_x
D:2:      layout_rooms, uniq_natasha
D:3:      layout_rooms, trog_book
D:4:      layout_loops_ring, mainiacjoe_overflow_24_doors, temple_hall,
          minmay_misc_feat_rows
D:5:      layout_gridville, enter_ossuary_1, uniq_edmund, uniq_prince_ribbit1
D:6:      layout_loops_corners, mainiacjoe_overflow_cross_hatched,
          kennysheep_path_1
D:7:      layout_rooms, slow_altar_1, uniq_harold, uniq_duvessa
D:8:      layout_loops_ring, fedhas_altar_decomposition, lemuel_crystal_altar,
          enter_bailey_3, serial_shops, nicolae_shop_window_shopping,
          patterned_corridor, uniq_erica
Temple:   regret_index_temple_waves
Bailey:   bailey_polearm_nasty_gnolls, bailey

Skill      XL: |  1  2  3  4  5  6  7  8  9 |
---------------+----------------------------+-----
Conjurations   | 2 3 4 5 7 |  7.9
Air Magic      | 5 7 8 |  8.0
Dodging        | 4 6 |  6.0
Stealth        | 4 6 |  6.0
Spellcasting   | 3 5 |  5.1
Fighting       | 2 6 |  6.1

Action                   |  1- 3 |  4- 6 |  7- 9 || total
-------------------------+-------+-------+-------++-------
Melee: Kick              |     2 |     4 |    24 ||    30
       Unarmed           |     1 |       |       ||     1
       Spear             |     2 |     5 |       ||     7
       Peck              |       |     3 |    11 ||    14
       Trident           |       |     9 |     3 ||    12
       Rapier            |       |     1 |       ||     1
       Dire flail        |       |       |    97 ||    97
 Cast: Shock             |    39 |    45 |    44 ||   128
       Static Discharge  |     5 |    15 |    21 ||    41
       Airstrike         |       |     3 |    33 ||    36
       Poisonous Vapours |       |       |    14 ||    14
  Use: Scroll            |     3 |     8 |     5 ||    16
       Potion            |       |     1 |     1 ||     2
 Stab: Sleeping          |       |     1 |    19 ||    20
Armor: Robe              |     8 |     9 |    20 ||    37
Dodge: Dodged            |    18 |    26 |   143 ||   187
